 Dungeon Sprint DCSS version 0.29.1-2-gbd0b4ee654 (webtiles) character file.

Game seed: 12368146348215090337

2744 boopmooplesden the Fencer (level 9, -1/144 HPs)
             Began as a Minotaur Berserker on Nov 22, 2022.
             Was the Champion of Trog.
             Slain by an orc knight
             ... wielding a +0 glaive
              (12 damage)
             ... in the Dungeon (Sprint VII: "The Pits").
             The game lasted 00:02:49 (1623 turns).

boopmooplesden the Fencer (Minotaur Berserker)      Turns: 1623, Time: 00:02:50

Health: -1/144     AC: 21    Str: 24    XL:     9   Next: 41%
Magic:  8/8        EV: 10    Int:  4    God:    Trog [******]
Gold:   0          SH:  0    Dex: 12    Spells: 8/8 levels left

rFire   . . .      SeeInvis .   n - +1 great sword (vorpal)
rCold   . . .      Faith    .   (shield currently unavailable)
rNeg    . . .      Spirit   .   u - +3 plate armour
rPois   .          Reflect  .   (helmet restricted)
rElec   .          Harm     .   t - +0 cloak
rCorr   .          Rampage  .   s - +0 pair of gloves
Will    .....      NoTele   +   (no boots)
Stlth   ..........              (no amulet)
HPRegen 0.34/turn               (no ring)
MPRegen 0.11/turn               (no ring)

@: berserking (expiring), very quick
A: horns 2, retaliatory headbutt
a: Renounce Religion, Berserk, Trog's Hand, Brothers in Arms


You were in the Dungeon.
You worshipped Trog.
Trog was exalted by your worship.
You visited 1 branch

Inventory:

Hand Weapons
 a - a +0 falchion
 i - a +2 falchion
 l - a +2 long sword of holy wrath
 n - a +1 vorpal great sword (weapon)
 q - a +2 scimitar of flaming
 r - the +2 rapier "Emilon" {vorpal, rElec rPois rC+}
   (You found it in the Dungeon)

   It inflicts extra damage upon your enemies.
   rC:        It protects you from cold.
   rElec:     It insulates you from electricity.
   rPois:     It protects you from poison.
Armour
 b - a +0 animal skin
 m - a +3 chain mail
 s - a +0 pair of gloves (worn)
 t - a +0 cloak (worn)
 u - a +3 plate armour (worn)
Jewellery
 o - a +3 ring of intelligence
 p - a +3 ring of strength
Scrolls
 h - a scroll of blinking
 k - a scroll of summoning
Potions
 c - 10 potions of curing
 d - 8 potions of heal wounds
 e - 2 potions of haste
 f - 4 potions of magic
 g - 3 potions of berserk rage
 j - 2 potions of invisibility


   Skills:
 + Level 14.3 Fighting
 + Level 16.2 Long Blades
 + Level 11.9 Armour
 + Level 8.2 Dodging
 + Level 3.3 Stealth


You had 8 spell levels left.
You didn't know any spells.
Your spell library was empty.

Dungeon Overview and Level Annotations

Branches:
Dungeon (1/1)

Altars:
Cheibriados
Dithmenos
Elyvilon
Fedhas
Gozag
Hepliaklqana
Makhleb
Nemelex Xobeh
Okawaru
Qazlal
Ru
Sif Muna
Trog
Vehumet
Wu Jian
Xom
Yredelemnul
Zin
The Shining One
Jiyva
Lugonu


Innate Abilities, Weirdness & Mutations

You have a pair of horns on your head.
You reflexively headbutt those who attack you in melee.


Message History

You closely miss the orc knight. You headbutt the orc knight!
The orc knight is moderately wounded.
The orc warrior hits you with a +0 trident!
The orc warrior hits you with a +0 glaive!
You hit the orc knight but do no damage.
You headbutt the orc knight.
The orc knight is moderately wounded.
The orc knight hits you with a +0 glaive!
* * * LOW HITPOINT WARNING * * *
You closely miss the orc knight. You headbutt the orc knight.
The orc knight is moderately wounded.
The orc warrior barely misses you.
The orc warrior hits you but does no damage.
Unknown command.
You slice the orc warrior!!
You feel the power of Trog in you as your rage grows.
You kill the orc warrior!
Trog accepts your kill. The orc knight closely misses you.
You furiously retaliate!
You headbutt the orc knight.
Unknown command.
You are too berserk!
You slash the orc warrior!
The orc warrior is severely wounded.
The orc warrior hits you with a +0 glaive!!
* * * LOW HITPOINT WARNING * * *
You closely miss the orc warrior. You headbutt the orc warrior!
You kill the orc warrior!
Trog accepts your kill.
The orc knight hits you but does no damage.
You slice the orc knight!!
The orc knight is severely wounded.
The orc knight hits you with a +0 glaive!
* * * LOW HITPOINT WARNING * * *
You hit the orc knight but do no damage.
The orc knight is severely wounded.
You hit the orc knight but do no damage.
The orc knight is severely wounded.
The orc knight hits you with a +0 glaive!
You die...

))'.##......#..#......#
###.##................+
.....'................+
'#####......#..#......#
.#..##................#
.'..#####'#####''#####
##+###.......##''#
....##.......##)o#
....##.......##)@#
'#####...<...##))#
)...##.......##..#
))..##.......##..#
######.......##...
.#..###########...
.#.############...#
.#.#....#..[.##..##
.#)#....#....#


You could see an orc knight.

Vanquished Creatures
  A two-headed ogre (D)
  A manticore (D)
  A merfolk (D)
  A fire bat (D)
  3 wargs (D)
  A swamp drake (D)
  Duvessa (D)
  2 orc warriors (D)
  A floating eye (D)
  An ice beast (D)
  A wolf (D)
  2 centaurs (D)
  A kobold brigand (D)
  2 scorpions (D)
  Dowan (D)
  A gnoll bouda (D)
  An ufetubus (D)
  An adder skeleton (D)
  An orc (D)
  2 endoplasms (D)
  A giant cockroach (D)
  2 bats (D)
  A frilled lizard (D)
  2 rats (D)
32 creatures vanquished.

Notes
Turn   | Place    | Note
-------+----------+-------------------------------------------
     0 | D        | boopmooplesden the Minotaur Berserker began the quest for
                  | the Orb.
     0 | D        | Reached XP level 1. HP: 19/19 MP: 0/0
    39 | D        | Found a glowing golden altar of the Shining One.
    39 | D        | Found a glowing silver altar of Zin.
    39 | D        | Found a basalt altar of Yredelemnul.
    39 | D        | Found a shimmering altar of Xom.
    39 | D        | Found an ornate altar of the Wu Jian Council.
    39 | D        | Found a bloodstained altar of Trog.
    39 | D        | Found a shimmering blue altar of Sif Muna.
    39 | D        | Found a sacrificial altar of Ru.
    39 | D        | Found a stormy altar of Qazlal.
    39 | D        | Found an iron altar of Okawaru.
    39 | D        | Found a sparkling altar of Nemelex Xobeh.
    39 | D        | Found a burning altar of Makhleb.
    39 | D        | Found a viscous altar of Jiyva.
    39 | D        | Found a hazy altar of Hepliaklqana.
    39 | D        | Found an opulent altar of Gozag.
    39 | D        | Found a blossoming altar of Fedhas.
    39 | D        | Found a white marble altar of Elyvilon.
    39 | D        | Found a shadowy altar of Dithmenos.
    39 | D        | Found a snail-covered altar of Cheibriados.
    41 | D        | Found a corrupted altar of Lugonu.
    41 | D        | Found a radiant altar of Vehumet.
    55 | D        | Reached skill level 4 in Long Blades
    59 | D        | Reached ** piety under Trog
    66 | D        | Noticed a scorpion
    74 | D        | Killed a scorpion
    75 | D        | Reached skill level 6 in Long Blades
    75 | D        | Reached XP level 2. HP: 8/31 MP: 1/1
    75 | D        | Reached XP level 3. HP: 9/38 MP: 2/2
    77 | D        | Reached XP level 4. HP: 11/47 MP: 3/3
   317 | D        | Noticed a scorpion
   317 | D        | Noticed a centaur
   319 | D        | Reached *** piety under Trog
   326 | D        | Killed a scorpion
   327 | D        | Reached skill level 8 in Long Blades
   330 | D        | Killed a centaur
   331 | D        | Reached skill level 9 in Long Blades
   331 | D        | Reached skill level 5 in Dodging
   331 | D        | Reached XP level 5. HP: 51/57 MP: 4/4
   405 | D        | Noticed Duvessa
   405 | D        | Noticed a wolf
   406 | D        | Noticed Dowan
   406 | D        | Noticed an ice beast
   417 | D        | Killed Duvessa
   417 | D        | Reached **** piety under Trog
   418 | D        | Reached skill level 10 in Fighting
   418 | D        | Reached skill level 10 in Long Blades
   418 | D        | Reached skill level 5 in Armour
   418 | D        | Reached skill level 1 in Stealth
   418 | D        | Reached XP level 6. HP: 67/67 MP: 5/5
   422 | D        | Reached skill level 11 in Long Blades
   430 | D        | Killed Dowan
   430 | D        | Reached ***** piety under Trog
   440 | D        | Killed an ice beast
   441 | D        | Reached XP level 7. HP: 42/74 MP: 6/6
   463 | D        | Reached skill level 12 in Long Blades
   684 | D        | Received a gift from Trog
   687 | D        | Noticed a manticore
   693 | D        | Killed a manticore
   694 | D        | Reached skill level 13 in Long Blades
   694 | D        | Reached XP level 8. HP: 47/86 MP: 7/7
  1014 | D        | Paralysed by a floating eye for 4 turns
  1023 | D        | Paralysed by a floating eye for 2 turns
  1028 | D        | Reached skill level 14 in Long Blades
  1206 | D        | Noticed a merfolk
  1226 | D        | Killed a merfolk
  1515 | D        | Got the +2 rapier "Emilon" {vorpal, rElec rPois rC+}
  1599 | D        | Noticed an orc knight
  1599 | D        | Noticed a two-headed ogre
  1604 | D        | Reached skill level 15 in Long Blades
  1604 | D        | Reached skill level 10 in Armour
  1609 | D        | Killed a two-headed ogre
  1610 | D        | Reached XP level 9. HP: 95/95 MP: 8/8
  1611 | D        | Reached skill level 16 in Long Blades
  1618 | D        | Reached ****** piety under Trog
  1623 | D        | Slain by an orc knight

Illustrated notes

Levels and vault maps discovered:
D:        pitsprint [storerooms_1, entrance_room_1, metal_vault_3, armoury_1,
          mini_pit_1, grid_room_1, main_hall_1, silver_pit, the_coven_3,
          the_vestibule_1, steel_vault_4, golden_pit, hallway_of_sentries,
          crystal_vault_1, iron_vault_2, final_vault]

Skill      XL: |  1  2  3  4  5  6  7  8  9 |
---------------+----------------------------+-----
Fighting       | 6 7 9 10 11 13 14 | 14.3
Long Blades    | 6 9 10 11 13 15 16 | 16.2
Armour         | 3 4 5 7 11 | 11.9
Dodging        | 3 5 6 7 8 |  8.2
Stealth        | 1 2 3 |  3.3

Action                   |  1- 3 |  4- 6 |  7- 9 || total
-------------------------+-------+-------+-------++-------
Melee: Falchion          |    15 |    13 |       ||    28
       Headbutt          |     1 |     6 |    13 ||    20
       Long sword        |       |    30 |    17 ||    47
       Great sword       |       |       |    46 ||    46
       Punch             |       |       |     1 ||     1
Invok: Berserk           |       |     2 |     2 ||     4
  Use: Potion            |       |       |     2 ||     2
Armor: Animal skin       |     4 |     3 |       ||     7
       Chain mail        |       |    17 |    23 ||    40
       Plate armour      |       |       |     6 ||     6
Dodge: Dodged            |    12 |    19 |    42 ||    73
